 BcadrenCrawl: Boulder Brew version 0.06-688-g08e91b2d95 (webtiles) character file.

Game seed: 17468385660858127294

9565 Leeroy the Crack Shot (level 11, -15/104 (105) HPs) Tengu Centaur. Began on Jan 29, 2023. Was a High Priest of Okawaru. Shot with an arrow by a centaur warrior (25 damage) ... on level 8 of the Dungeon. The game lasted 00:34:30 (10150 turns).

Leeroy the Crack Shot (Tengu Centaur)              Turns: 10150, Time: 00:34:30

HP:   -15/104 (105) AC:  9    Str: 16    XL:     11 ^: 8183
MP:   12/12         EV: 12    Int: 11    God:    Okawaru [5* [128]]
Gold: 486           SH:  0    Dex: 12    Spells: 10/10 levels left

rFire    . . .     Slash    x   a - +0 shortbow
rCold    . . .     Pierce   .   (also wielding the above weapon)
rNeg     . . .     Bludgeon .   c - +0 leather armour
rCorr    . . .     Vision   .   (helmet restricted)
rPois    .         Gourm    .   (no cloak)
rElec    .         Faith    .   (no gloves)
MR       ++...     Spirit   .   (no barding)
HPRegen  0.44/turn Reflect  .   q - necklace of Bloodlust {*Rage +Rage MR++ Int-3 Slay+6 Soulbond}
MPRegen  0.22/turn Harm     .   f - ring of wizardry Stlth +.........Rnd*Rage +
                                v - ring of protection

@: flying quickly and evasively, studying Slings, very quick
A: large, beak, hippogriff form, talons, deformed body 1, speed 2, tengu flight,
soft flesh, AC +3
a: Stop Flying, Heroism, Finesse, Renounce Religion, Evoke Berserk Rage


You were on level 8 of the Dungeon.
You worshipped Okawaru.
Okawaru was extremely pleased with you.
You were not hungry.

You visited 2 branches of the dungeon, and saw 9 of its levels.

You collected 486 gold pieces.

Inventory:

Weapons
 a - a +0 shortbow (weapon)
 b - a +0 short sword
 j - a +3 whip
 o - a +0 shortbow
 r - a +0 hand crossbow
 s - a +1 dagger of protection
 w - a +0 whip of electrocution
 z - a cursed +3 long sword {(Curse: *Corrode)}
 A - a +0 scimitar
 E - a +1 long sword of freezing
 I - a +0 whip of freezing
 P - a +2 vampiric short sword
 R - a +2 quarterstaff of chaos
 V - a +0 arbalest
Armour
 c - a +0 leather armour (worn)
Jewellery
 f - a ring of wizardry (left hand)
 h - the ring "Hihoatro" {Wiz rC+ Str+4}
   (You took it off a yaktaur on level 8 of the Dungeon)

   [ring of wizardry]

   It improves your spell success rate.
   It affects your strength (+4).
   It protects you from cold.
 q - the necklace of Bloodlust (around neck) {*Rage +Rage MR++ Int-3 Slay+6 Soulbond}
   (You took it off a kobold on level 2 of the Dungeon)

   [amulet of rage]

   It affects your intelligence (-3).
   It affects your accuracy and damage with ranged weapons and melee attacks
   (+6).
   It affects your resistance to hostile enchantments.
   It lets you go berserk.
   It may make you go berserk in combat.
   When equipped, it binds to the wielder's soul until they gain enough
   experience to unwield again.
 t - an uncursed amulet of rage
 u - a cursed ring of evasion {(Curse: MP-9)}
 v - a ring of protection (right hand)
 x - a cursed ring of poison resistance {(Curse: Slay-4)}
 y - an uncursed amulet of reflection
 C - the cursed ring of the Dragon {+Blink rPois Int+3, (Curse: *Tele)}
   (You found it on level 5 of the Dungeon)

   [ring of poison resistance]

   It affects your intelligence (+3).
   It protects you from poison.
   It lets you blink.
   It has a curse placed upon it.
   { (Curse: *Tele)}
 K - an uncursed amulet of reflection
 L - an uncursed amulet of the gourmand
 M - an uncursed ring of ice
 O - a cursed ring of protection from magic {(Curse: rF-)}
 T - an uncursed ring of magical power
 U - the cursed amulet of Existentialism {Gourm Str-4 Int+9 Dex+4, (Curse: rF-)}
   (You took it off an orc on level 6 of the Dungeon)

   [amulet of the gourmand]

   It allows you to eat raw meat even when not hungry.
   It affects your strength (-4).
   It affects your intelligence (+9).
   It affects your dexterity (+4).
   It has a curse placed upon it.
   { (Curse: rF-)}
Wands
 B - a wand of acid (2)
 N - a wand of hasting (2)
 Q - a wand of random effects (2)
Scrolls
 e - 4 scrolls of magic mapping
 k - 4 scrolls of immolation
 n - 3 scrolls of teleportation
 J - a scroll of enchantment
 X - a scroll of bless item
Potions
 i - a potion of might
 l - 5 potions of curing
 m - a potion of agility
 p - a potion of haste
 D - 2 potions of mutation
 F - a potion of amnesia
 G - 4 potions of brilliance
 H - a potion of gain dexterity
 S - a potion of cure mutation
Comestibles
 d - 14 rations
 W - 10 chunks of flesh


   Skills:
 - Level 2.0 Fighting
 - Level 0.2 Long Blades
 - Level 0.7 Whips & Flails
 + Level 22.2 Bows
 - Level 2.1 Dodging
 - Level 1.0 Stealth


You had 10 spell levels left.
You didn't know any spells.
Your spell library was empty.

Dungeon Overview and Level Annotations

Branches:
Dungeon (8/8)              Temple (1/1) D:4            Lair (0/6) D:5
    Orc: D:6         Vaults: D:7         Depths: D:8

Altars:
Ashenzari
Cheibriados
Dithmenos
Elyvilon
Fedhas Madash
Gozag Ym Sagoz
Hepliaklqana
Kikubaaqudgha
Makhleb
Nemelex Xobeh
Okawaru
Qazlal
Sif Muna
Uskayaw
Xom
Yredelemnul
Zin
The Shining One

Shops:
D:2 (%   D:5 }

Annotations:
D:4 exclusion: obsidian statue
D:5 1 runed translucent door


Innate Abilities, Weirdness & Mutations

Your horsehide is resilient. (AC +3)
You have a beak for a mouth.
You have a hippogriff-like bottom half; talons in the front, hooves in the back.
Armour fits poorly on your strangely shaped body.
You cover ground very quickly.
You can fly continuously.
Your speed and evasion are boosted while flying.
Your soft flesh is weak to deep cuts.
Heavy manmade armour will nullify this weakness. (rSlashing-)


Message History

You feel strangely unstable.
The meliai hits you with a +0 war axe (16)!
You are lacerated severely!
The meliai stings you (6).
The meliai hits you with a +0 war axe (24)!!
You are lacerated severely!
* * * LOW HITPOINT WARNING * * *
The meliai closely misses you.
Okay, then.
As you read the scroll of fear, it crumbles to dust.
You assume a fearsome visage.
The meliai looks frightened!
The centaur warrior shoots an arrow.
The arrow punctures you (11)!
* * * LOW HITPOINT WARNING * * *
Found 9 gold pieces.
Your surroundings suddenly seem different.
Found a +0 club.
A centaur warrior, a cyclops, a freezing wraith and 2 meliai come into view.
The cyclops moves out of view.
The meliai moves out of view.
The centaur warrior wields a cursed +2 shortbow of molten steel {(Curse: Fragile)}.
The surface melts into red hot liquid metal!
The centaur warrior shoots an arrow.
The arrow impales you (25)!!
You die...

.. . #. .. #C
... #. #.. #.
.#... .#####
yy.W.c#....# #
#
#..#...##.#.#
####.
#........@..#
...#
....#...##...#
##.. ###
#.######.# #.#
... .#
#######.# ###.
# ......... .
### ###.##.# #
... #†...#
#.###.####
#.....# ##


You could see a centaur warrior and a freezing wraith.

Vanquished Creatures
  An orc knight (D:8)
  An orange crystal statue (D:4)
  2 centaur warriors
  Pikel (D:5)
  A guardian serpent (shapeshifter) (D:8)
  A manticore (D:8)
  A yaktaur (D:8)
  A vampire (D:8)
  2 hippogriffs
  2 cyclopes
  2 wyverns
  A yak (D:6)
  An acid dragon (D:6)
  Purgy (D:2)
  A soldier ant (D:6)
  3 bone scorpions
  A necrophage (D:5)
  3 orc warriors
  A water moccasin (D:3)
  A scorpion (D:5)
  A black bear (D:5)
  A sky beast (D:5)
  A crocodile (D:2)
  A rock worm zombie (D:5)
  6 big kobolds
  A gnoll sergeant (D:6)
  4 centaurs (D:5)
  5 howler monkeys
  A killer bee (D:6)
  4 wights (D:4)
  4 hounds
  19 jellies
  An orc wizard (D:4)
  Crazy Yiuf (D:5)
  An orc priest (D:6)
  3 iguanas
  5 worker ants
  3 wyvern zombies
  2 wyvern skeletons (D:4)
  8 giant cockroaches
  A cysgobwca (D:4)
  11 adders
  44 sewer rats (D:2)
  3 worms
  6 cinder newts
  7 bullfrogs
  4 worker ant zombies (D:5)
  2 oozes (D:1)
  A hound skeleton (D:3)
  4 dart slugs
  3 leopard geckos
  28 orcs
  8 bats
  2 cinder newt skeletons (D:2)
  7 goblins (D:1)
  3 hobgoblins (D:1)
  11 jackals
  4 ball pythons (D:2)
  A ball python skeleton (D:2)
  2 bat skeletons (D:2)
  2 goblin skeletons (D:2)
  A hobgoblin skeleton (D:2)
  20 kobolds
  3 orc skeletons (D:2)
  A quokka zombie (D:5)
  4 rats
  A rat skeleton (D:2)
  2 giant blowflies (D:2)
  A withered plant (D:2)
287 creatures vanquished.

Vanquished Creatures (others)
  A howler monkey (D:5)
  An orc wizard (D:5)
  An adder (D:5)
  A sewer rat (D:2)
  A bullfrog (D:5)
  A leopard gecko (D:2)
  3 orcs (D:5)
  5 kobolds (D:2)
  A slave (D:5)
  4 slimeheads (D:2)
  140 withered plants (D:2)
159 creatures vanquished.

Grand Total: 446 creatures vanquished

Notes
Turn   | Place    | Note
-------+----------+-------------------------------------------
     0 | D:1      | Leeroy the Tengu Centaur began the quest for the Orb.
     0 | D:1      | Reached XP level 1. HP: 24/24 MP: 2/2
   160 | D:1      | Reached skill level 5 in Bows
   216 | D:1      | Reached XP level 2. HP: 32/32 MP: 3/3
   555 | D:1      | Reached skill level 6 in Bows
   555 | D:1      | Reached XP level 3. HP: 40/40 MP: 4/4
   844 | D:2      | Noticed a big kobold
   885 | D:1      | Reached skill level 7 in Bows
   885 | D:1      | Reached XP level 4. HP: 20/48 MP: 5/5
  1237 | D:2      | Found Riube's Weapon Shop.
  1249 | D:2      | Noticed a crocodile
  1280 | D:2      | Killed a crocodile
  1280 | D:2      | Reached skill level 8 in Bows
  1280 | D:2      | Gained mutation: You can fly continuously. Your speed and
                  | evasion are boosted while flying. [Tengu growth]
  1280 | D:2      | Reached XP level 5. HP: 26/56 MP: 6/6
  1388 | D:2      | Reached skill level 9 in Bows
  1455 | D:2      | Reached XP level 6. HP: 64/64 MP: 7/7
  1524 | D:2      | Reached skill level 10 in Bows
  1612 | D:2      | Found Cuegg's Food Shoppe.
  1740 | D:2      | Reached skill level 11 in Bows
  1955 | D:2      | Noticed Purgy
  1972 | D:2      | Killed Purgy
  1972 | D:2      | Reached XP level 7. HP: 63/72 MP: 8/8
  2409 | D:2      | Reached skill level 12 in Bows
  2766 | D:2      | Reached skill level 13 in Bows
  2990 | D:2      | Reached XP level 8. HP: 81/81 MP: 9/9
  3205 | D:2      | Reached skill level 14 in Bows
  3810 | D:2      | Reached skill level 15 in Bows
  4529 | D:3      | Reached skill level 16 in Bows
  4529 | D:3      | Reached XP level 9. HP: 89/89 MP: 10/10
  4600 | D:3      | Found a snail-covered altar of Cheibriados.
  4642 | D:3      | Found a burning altar of Makhleb.
  5150 | D:4      | Found a staircase to the Ecumenical Temple.
  5156 | Temple   | Entered the Ecumenical Temple
  5251 | Temple   | Became a worshipper of Warmaster Okawaru
  5877 | D:4      | Noticed an obsidian statue
  5915 | D:4      | Reached skill level 17 in Bows
  5935 | D:4      | Noticed an orange crystal statue
  6313 | D:4      | Killed an orange crystal statue
  6313 | D:4      | Reached * piety under Okawaru
  6408 | D:5      | Entered Level 5 of the Dungeon
  6455 | D:4      | Reached skill level 18 in Bows
  6565 | D:5      | Found a hide-covered altar of Uskayaw.
  6796 | D:5      | Reached ** piety under Okawaru
  6811 | D:5      | Noticed Pikel
  6839 | D:5      | Killed Pikel
  6839 | D:5      | Reached XP level 10. HP: 92/97 MP: 11/11
  6864 | D:5      | Found Orghoeh's Gadget Boutique.
  6917 | D:5      | Reached skill level 19 in Bows
  7077 | D:5      | Found a runed translucent door.
  7443 | D:5      | Found a runed translucent door.
  7646 | D:5      | Identified the cursed ring of the Dragon {+Blink rPois
                  | Int+3, (Curse: *Tele)}
  7699 | D:5      | Noticed a centaur warrior
  7706 | D:5      | Killed a centaur warrior
  7706 | D:5      | Reached *** piety under Okawaru
  7707 | D:5      | Found a hazy altar of Hepliaklqana.
  7707 | D:5      | Found a glowing silver altar of Zin.
  7707 | D:5      | Found a blossoming altar of Fedhas.
  7778 | D:5      | Found a white marble altar of Elyvilon.
  7797 | D:5      | Reached skill level 20 in Bows
  7855 | D:5      | Found a staircase to the Lair.
  7933 | D:5      | Noticed Crazy Yiuf
  7989 | D:5      | Noticed an orc knight
  8168 | D:5      | Killed Crazy Yiuf
  8819 | D:6      | Found a stormy altar of Qazlal.
  8833 | D:6      | Found a shattered altar of Ashenzari.
  9083 | D:6      | Reached skill level 21 in Bows
  9213 | D:6      | Identified the cursed amulet of Existentialism {Gourm Str-4
                  | Int+9 Dex+4, (Curse: rF-)}
  9485 | D:6      | Reached **** piety under Okawaru
  9506 | D:7      | Noticed a yaktaur captain
  9506 | D:7      | Noticed a tengu warrior
  9516 | D:7      | Noticed a seven-headed hydra
  9524 | D:8      | Entered Level 8 of the Dungeon
  9735 | D:8      | Noticed a manticore
  9745 | D:8      | Killed a manticore
  9752 | D:8      | Noticed an orc knight
  9761 | D:8      | Killed an orc knight
  9761 | D:8      | Reached XP level 11. HP: 60/104 MP: 12/12
  9766 | D:8      | Reached ***** piety under Okawaru
  9927 | D:8      | Noticed a centaur warrior
  9938 | D:8      | Killed a centaur warrior
  9938 | D:8      | Reached skill level 22 in Bows
  9939 | D:8      | Identified the ring "Hihoatro" {Wiz rC+ Str+4}
 10129 | D:8      | Noticed a centaur warrior
 10150 | D:8      | Shot with an arrow by a centaur warrior

Illustrated notes

Levels and vault maps discovered:
D:1:      mrwooster_arrival_statue, layout_basic
D:2:      layout_sewer, serial_shops, nicolae_shop_behind_doors, shop_statue,
          nrook_mini_backslash, uniq_purgy
D:3:      layout_cave_pools, kennysheep_slug_shrine, first_ration,
          makhleb_heckhound_becter
D:4:      minmay_separated_statues, layout_basic, minmay_temple_entry_ruins
D:5:      layout_roguey, chequers_temple_overflow_statue_of_worship,
          eat_drink_and_be_merry_uskayaw, lair_entry_dummy, serial_shops, shop,
          minivault_13, uniq_pikel, uniq_crazy_yiuf_cottage
D:6:      layout_basic, nicolae_qazlal_style_of_elements, marbit_many_paths,
          hiddenorc2_lemuel, basic_altar
D:7:      layout_roguey, lemuel_crystal_altar, nicolae_ashenzari_panopticon,
          david_vaults_2, chequers_serial_rivers_micro_e, uniq_nessos,
          uniq_maalik
D:8:      grunt_enter_depths_snipers, layout_loops_ring,
          nicolae_ru_sacrificial_ziggurat, chequers_serial_rivers_micro_d,
          st_stairs_8
Temple:   compressed_dpeg_triangle_lava_temple

Skill      XL: |  1  2  3  4  5  6  7  8  9 10 11 |
---------------+----------------------------------+-----
Bows           | 5 6 7 8 9 11 13 16 18 21 22 | 22.2
Fighting       | |  2.0
Long Blades    | |  0.2
Whips & Flails | |  0.7
Dodging        | |  2.1
Stealth        | |  1.0

Action                   |  1- 3 |  4- 6 |  7- 9 | 10-12 || total
-------------------------+-------+-------+-------+-------++-------
Melee: Whip              |     2 |    23 |    62 |     7 ||    94
       Unarmed           |     2 |    20 |    51 |    43 ||   116
       Kick              |     1 |     7 |    18 |    16 ||    42
       Tailslap          |     1 |     4 |    10 |    11 ||    26
       Battleaxe         |       |       |     1 |       ||     1
       Long sword        |       |       |     7 |    46 ||    53
 Fire: Shortbow          |    59 |   172 |   735 |   279 ||  1245
Throw: Skull             |       |       |     1 |       ||     1
 Abil: Fly               |       |     1 |       |       ||     1
  Use: Scroll            |       |       |       |     3 ||     3
 Stab: Sleeping          |       |       |     1 |       ||     1
       Distracted        |       |       |       |     1 ||     1
  Eat: Chunk             |       |     2 |    10 |     8 ||    20
Armor: Leather armour    |    22 |    20 |    44 |    22 ||   108
Dodge: Dodged            |     9 |    22 |    46 |    26 ||   103
       Rpst.: Long sword |       |       |       |     4 ||     4
